 Dungeon Crawl Stone Soup version 0.27-a0-1590-g15f69828bf (webtiles) character file.

Game seed: 15728179967998185028

214 Sin92 the Skirmisher (level 5, 0/42 HPs)
             Began as a Demonspawn Fighter on July 18, 2021.
             Slain by an orc (1 damage)
             ... on level 3 of the Dungeon.
             The game lasted 00:02:57 (2239 turns).

Sin92 the Skirmisher (Demonspawn Fighter)           Turns: 2239, Time: 00:02:58

Health: 0/42       AC:  5    Str: 16    XL:     5   Next: 59%
Magic:  5/5        EV:  9    Int: 10    God:
Gold:   107        SH:  9    Dex: 13    Spells: 4/4 levels left

rFire    . . .     SeeInvis .   a - +1 trident
rCold    . . .     Faith    .   c - +0 kite shield
rNeg     . . .     Spirit   .   f - +2 leather armour {rPois}
rPois    +         Reflect  .   (no helmet)
rElec    .         Harm     .   (no cloak)
rCorr    .         Rampage  .   (no gloves)
Will     .....                  (no boots)
Stlth    +.........             (no amulet)
HPRegen  0.14/turn              (no ring)
MPRegen  0.09/turn              (no ring)

@: no status effects
A: claws 1, demonic magic 1
a: no special abilities


You were on level 3 of the Dungeon.
You visited 1 branch of the dungeon, and saw 3 of its levels.

You collected 107 gold pieces.

Inventory:

Hand Weapons
 a - a +1 trident (weapon)
Armour
 b - a +0 scale mail
 c - a +0 kite shield (worn)
 d - a +0 chain mail
 f - a +2 leather armour of poison resistance (worn)
Scrolls
 g - a scroll of blinking


   Skills:
 + Level 3.7 Fighting
 * Level 3.3 Polearms
 + Level 3.4 Armour
 + Level 1.8 Dodging
 + Level 3.3 Shields


You had 4 spell levels left.
You didn't know any spells.
Your spell library was empty.

Dungeon Overview and Level Annotations

Branches:
Dungeon (3/15)

Altars:

Shops:
D:2 :


Innate Abilities, Weirdness & Mutations

You have sharp fingernails.
Spells you cast may paralyse adjacent enemies.


Message History

You are too confused!
You completely miss something. The orc hits you with a +0 hand axe.
Something hits you. The orc hits you with a +0 dagger.
The orc barely misses you.
You barely miss the orc. Something hits you.
The orc hits you but does no damage. The orc closely misses you.
Something hits you.
Unknown command.
You barely miss something.
You feel less confused. Something hits you. The orc closely misses you.
You block the orc's attack.
Unknown command.
You barely miss the orc.
You hear some strange, mumbled words.
A magic dart appears from out of thin air!
The magic dart hits you.
* * * LOW HITPOINT WARNING * * *
The orc closely misses you. You block the orc's attack.
Unknown command.
You hit the orc but do no damage. Something hits you.
* * * LOW HITPOINT WARNING * * *
You block the orc's attack. x2; Something hits you.
* * * LOW HITPOINT WARNING * * *
The orc hits you but does no damage.
Unknown command.
You hit the orc.
The orc is heavily wounded.
The orc hits you with a +0 club.
* * * LOW HITPOINT WARNING * * *
Something hits you.
* * * LOW HITPOINT WARNING * * *
The orc barely misses you. You block the orc's attack.
Unknown command.
Your shield and leather armour prevent you from hitting something.
You hear some strange, mumbled words.
A puff of flame appears from out of thin air!
The puff of flame hits you.
* * * LOW HITPOINT WARNING * * *
You block the orc's attack. The orc hits you with a +0 club.
You die...

#.# #.# #####.########
#.. .........#### ##.
#.###.#####.[....
#...#####.##...........##
......oo@.###.#####..#.#
......oo{............#.##
#########...########.....
#.#.### ###.## #...†.#
#.# #.#.#.########.#
#...........##.#
#.#.#.###(.....# #....(#
#.#.####


You could see 4 orcs.

Vanquished Creatures
  Sigmund (D:3)
  2 adders
  2 worms
  3 dart slugs
  4 ball pythons
  3 endoplasms
  A giant cockroach (D:2)
  A goblin (D:1)
  A hobgoblin (D:2)
  4 quokkas
  3 bats
  A frilled lizard (D:2)
  A kobold (D:1)
  2 rats (D:2)
29 creatures vanquished.

Vanquished Creatures (others)
  A demonic plant (D:3)
1 creature vanquished.

Grand Total: 30 creatures vanquished

Notes
Turn   | Place    | Note
-------+----------+-------------------------------------------
     0 | D:1      | Sin92 the Demonspawn Fighter began the quest for the Orb.
     0 | D:1      | Reached XP level 1. HP: 18/18 MP: 1/1
   290 | D:1      | Gained mutation: You have sharp fingernails. [demonic
                  | ancestry]
   290 | D:1      | Reached XP level 2. HP: 22/24 MP: 2/2
   798 | D:2      | Reached XP level 3. HP: 29/29 MP: 3/3
   988 | D:2      | Found Ekhyph's Book Shoppe.
  1186 | D:2      | Reached skill level 1 in Dodging
  1668 | D:3      | Noticed Sigmund
  1684 | D:3      | Killed Sigmund
  1685 | D:3      | Reached XP level 4. HP: 5/37 MP: 4/4
  1685 | D:3      | Gained mutation: Spells you cast may paralyse adjacent
                  | enemies. [demonic ancestry]
  1685 | D:3      | Reached XP level 5. HP: 6/42 MP: 5/5
  2239 | D:3      | HP: 1/42 [something/puff of flame (5)]
  2239 | D:3      | Slain by an orc

Illustrated notes

Levels and vault maps discovered:
D:1:      elethiomel_arrival_maze, layout_rooms
D:2:      layout_basic, serial_shops, nicolae_lakefront_shop, st_stairs_2
D:3:      layout_loops_ring, minmay_overflow_temple_hex,
          dreamdust_ecumenical_altar_sealed_demon, uniq_sigmund, uniq_grinder,
          uniq_ijyb

Skill      XL: |  1  2  3 |
---------------+----------+-----
Polearms       | 2 3 |  3.3
Dodging        | 1 |  1.8
Armour         | 3 |  3.4
Shields        | 3 |  3.3
Fighting       | |  3.7

Action                   |  1- 3 |  4- 6 || total
-------------------------+-------+-------++-------
Melee: Trident           |   106 |    30 ||   136
  Use: Potion            |     2 |       ||     2
       Scroll            |     2 |       ||     2
Armor: Scale mail        |    43 |       ||    43
       Leather armour    |     1 |    11 ||    12
Dodge: Dodged            |    32 |    15 ||    47
Block: Kite shield       |    51 |    22 ||    73

Table legend: (Time is in decaauts)
 A = Elapsed time spent in this place.
 B = Non-inter-level travel time spent in this place.
 C = Inter-level travel time spent in this place.
 D = Time resting spent in this place.
 E = Time spent auto-exploring this place.
 F = Levels seen in this place.
 G = Mean time per level.
                   A        B        C        D        E       F      G
               +--------+--------+--------+--------+--------+-----+--------+
         Total |   2296 |   2273 |     23 |    356 |   1566 |   3 |  765.3 |
       Dungeon |   2296 |   2273 |     23 |    356 |   1566 |   3 |  765.3 |
               +--------+--------+--------+--------+--------+-----+--------+

Top non-repeatable levels by time:
     D:2: 960 daAuts
     D:1: 692 daAuts
     D:3: 643 daAuts
